Map: Void Thrashing

Players

Torti

  • Race: Protoss Protoss
  • Spawn Location: 9:00

adrogaL

  • Race: Zerg Zerg

VOD

Have the link to the VOD?

Description

Time

  • Played on: April 10, 2024, 7:18 p.m.
  • Length: 16:25
Show
View Real Time Build Order
Export as new Build Order

Torti Protoss 

Build Orders:  

Get SALT Encoding   

  12  0:03  Probe (Chrono Boost)  
  13  0:17  Probe (Chrono Boost)  
  14  0:26  Pylon  
  14  0:30  Probe (Chrono Boost)  
  15  0:53  Gateway  
  15  0:55  Probe (Chrono Boost)  
  16  1:09  Probe (Chrono Boost)  
  16  1:15  Assimilator  
  17  1:23  Probe (Chrono Boost)  
  18  1:30  Pylon  
  18  1:37  Probe (Chrono Boost)  
  19  1:52  Probe (Chrono Boost)  
  19  1:54  Legionnaire  
  19  1:57  Kaldalis' A.I. Personality  
  24  2:10  Probe (Chrono Boost)  
  24  2:17  Assimilator  
  24  2:27  Probe (Chrono Boost)  
  25  2:40  Cybernetics Core  
  25  2:43  Probe (Chrono Boost)  
  26  2:57  Probe (Chrono Boost)  
  27  3:10  Probe (Chrono Boost)  
  28  3:27  Nexus  
  28  3:29  Probe (Chrono Boost)  
  29  3:43  Probe (Chrono Boost)  
  30  3:50  Pylon  
  30  3:57  Probe (Chrono Boost)  
  31  4:04  Talis' A.I. Personality  
  31  4:14  Probe (Chrono Boost)  
  32  4:25  Adept  
  32  4:28  Probe (Chrono Boost)  
  35  4:34  Robotics Facility  
  35  4:59  Probe (Chrono Boost)  
  36  5:07  Pylon  
  36  5:13  Probe (Chrono Boost)  
  36  5:16  Probe (Chrono Boost)  
  38  5:26  Probe (Chrono Boost)  
  39  5:30  Conservator, Probe (Chrono Boost)  
  39  5:32  Warp Gate  
  42  5:40  Probe (Chrono Boost)  
  43  5:50  Probe (Chrono Boost)  
  43  5:54  Probe (Chrono Boost)  
  45  6:02  Twilight Council  
  45  6:04  Probe (Chrono Boost)  
  45  6:05  Robotics Bay  
  45  6:08  Probe (Chrono Boost)  
  47  6:16  Gateway  
  47  6:18  Probe (Chrono Boost)  
  48  6:22  Assimilator, Probe (Chrono Boost)  
  49  6:31  Probe (Chrono Boost)  
  49  6:32  Taldarin's A.I. Personality  
  49  6:36  Probe (Chrono Boost)  
  49  6:39  Immortal  
  55  6:51  Pylon  
  55  6:56  Probe (Chrono Boost)  
  56  7:02  Assimilator  
  56  7:06  Probe (Chrono Boost)  
  57  7:10  Probe (Chrono Boost)  
  58  7:27  Conservator  
  60  7:30  Probe x2 (Chrono Boost)  
  60  7:39  Pylon  
  66  7:43  Warbringer's A.I. Personality  
  66  7:45  Colossus  
  66  7:49  Robotics Facility  
  68  8:01  Adept  
  68  8:05  Legionnaire  
  70  8:30  Probe x2 (Chrono Boost)  
  70  8:32  Conservator  
  70  8:37  Legionnaire, Adept  
  77  9:21  Empowered Blades  
  77  9:25  Pylon  
  77  9:26  Pylon  
  77  9:27  Pylon  
  77  9:28  Pylon  
  77  9:31  Pylon  
  77  9:34  Forge  
  77  9:50  Immortal  
  77  9:57  Robotics Facility  
  81  10:03  Gateway  
  81  10:07  Gateway  
  81  10:08  Pylon  
  81  10:09  Pylon  
  81  10:10  Debilitation System  
  81  10:12  Pylon  
  81  10:21  Conservator x2  
  81  10:27  Protoss Ground Weapons Level 1  
  82  10:45  Immortal  
  82  10:49  Observer  
  87  10:59  Psionic Projection  
  87  11:07  Gateway  
  87  11:08  Conservator  
  87  11:10  Pylon  
  87  11:24  Legionnaire  
  87  11:25  Legionnaire, Adept  
  87  11:26  Adept  
  87  11:28  Immortal x2  
  100  12:02  Legionnaire  
  100  12:03  Legionnaire  
  100  12:04  Adept x2  
  100  12:07  Colossus  
  113  12:26  Adept  
  113  12:27  Adept  
  113  12:28  Legionnaire x2  
  113  12:29  Legionnaire  
  123  12:31  Observer  
  123  12:32  Immortal  
  128  13:01  Immortal  
  132  13:44  Conservator  
  132  13:45  Conservator x2  
  132  13:50  Immortal x2  
  140  14:02  Adept x2  
  140  14:03  Adept x2  
  140  14:04  Conservator  
  149  14:29  Conservator, Adept  
  150  14:34  Conservator  
  150  14:37  Immortal  
  150  14:45  Immortal  
  146  14:55  Conservator  
  146  14:59  Adept  
  146  15:00  Adept  
  146  15:01  Adept  
  148  15:25  Immortal  
  148  15:28  Conservator  
  150  15:37  Pylon  
  150  15:39  Pylon  
  141  15:41  Pylon  
  141  15:44  Pylon  
  141  15:46  Pylon  
  141  15:48  Pylon  
  141  15:49  Pylon  
  139  15:59  Adept x4  
Show
View Real Time Build Order
Export as new Build Order

adrogaL Zerg 

Build Orders:  

Get SALT Encoding   

  12  0:03  Infested SCV  
  13  0:20  Overlord  
  13  0:26  Infested SCV  
  14  0:37  Infested Colonist Compound  
  14  0:38  Infested SCV  
  15  0:46  Overlord  
  15  0:50  Infested SCV  
  16  1:05  Infested SCV  
  17  1:19  Infested Barracks  
  17  1:21  Infested SCV  
  18  1:35  Infested Refinery  
  18  1:37  Infested SCV  
  19  1:54  Infested SCV  
  20  2:09  Infested SCV  
  21  2:23  Infested Bunker  
  21  2:27  Infested SCV  
  26  2:41  Infested SCV  
  27  3:01  Infested SCV  
  27  3:05  Infested Barracks Tech Lab, Infested Barracks  
  27  3:09  Infestation Level 1  
  28  3:14  Infested SCV  
  29  3:29  Overlord  
  29  3:37  Infested Factory  
  29  3:40  Infested Refinery  
  29  3:45  Infested SCV  
  30  4:03  Infested SCV  
  31  4:23  Infested SCV  
  32  4:36  Infested Command Center  
  32  4:39  Retinal Augmentation  
  32  4:50  Overlord  
  32  4:52  Infested Factory Tech Lab  
  32  5:09  Anaerobic Enhancement  
  32  5:13  Infested SCV x2  
  34  5:21  Infested SCV  
  39  6:08  Infested Bunker  
  39  6:10  Infested SCV x2  
  39  6:11  Infested SCV  
  39  6:14  Infested Bunker  
  42  6:26  Overlord  
  42  6:29  Infested Engineering Bay  
  42  6:33  Unknown  
  42  6:45  Infested SCV x4  
  46  6:56  Infested SCV x2  
  46  6:58  Infested SCV  
  49  7:06  Infested Engineering Bay  
  49  7:20  Regenerative Plating  
  49  7:26  Infested SCV x2  
  49  7:27  Infested SCV  
  52  7:39  Infestation Level 2  
  56  8:03  Infested Bunker  
  56  8:06  Infested Bunker  
  56  8:07  Overlord  
  60  8:12  Infested Refinery  
  60  8:14  Overlord  
  60  8:16  Infested Colonist Compound  
  60  8:59  Stukov Infantry Weapons Level 1  
  60  9:01  Plagued Munitions  
  60  9:05  Stukov Infantry Armor Level 1  
  60  9:10  Overlord x2  
  64  9:24  Infested Bunker, Infested SCV, Overlord  
  65  9:39  Broodling Gestation  
  65  9:50  Infested Armory  
  65  9:51  Infested SCV  
  65  9:53  Overlord  
  66  10:05  Infested Bunker  
  70  10:12  Infested Missile Turret  
  74  10:35  Infested Bunker  
  74  10:40  Infested Bunker  
  78  11:09  Infestation Level 3  
  78  11:15  Aggressive Incubation  
  78  11:16  Overlord  
  78  11:23  Infested Missile Turret  
  78  11:31  Overseer  
  78  11:39  Calcified Armor  
  78  11:45  Stukov Vehicle and Ship Weapons Level 1, Stukov Infantry Weapons Level 2  
  78  11:57  Infested Bunker  
  82  12:03  Infested Missile Turret  
  82  12:13  Overlord  
  82  12:14  Overlord  
  82  12:38  Stukov Infantry Armor Level 2  
  82  12:59  Overseer  
  82  13:18  Infested Bunker  
  90  13:21  Infested Bunker  
  94  14:09  Infested Bunker  
  85  14:43  Infested Marine x2  
  85  14:44  Infested Marine x6  
  85  14:45  Infested Marine x5  
  98  14:58  Overlord x3  
  98  14:59  Overlord  
  106  15:02  Overseer  
  106  15:09  Infested Bunker  
  114  15:44  Infested Bunker  
  109  15:57  Infested Bunker  
  109  16:01  Infested SCV, Overlord  
Tags
 
Add a new tag
Caveats
  • Supply blocks, unpowered buildings, or Contaminate may cause inaccurate times.
  • Supply counts are checked every 10 seconds.